TOP OF THE 1ST |
Phoenix Hotspur Youth batting - Pitching for Chesapeake Continentals : RHP Juan Pérez
|
Pitching: RHP Juan Pérez
|
|
Batting: RHB Dan Perkins
|
0-0: Ball 1-0: Ball 2-0: Fly out, F7 (Flyball, 7D)
|
Batting: RHB Matías Torrella
|
0-0: Ground out 1-3 (Groundball, 13S)
|
Batting: SHB Roberto López
|
0-0: Ground out U3 (Groundball, 3L)
|
Top of the 1st over - 0 run(s), 0 hit(s), 0 error(s), 0 left on base; Phoenix Hotspur 0 - Chesapeake 0 |
BOTTOM OF THE 1ST |
Chesapeake Continentals batting - Pitching for Phoenix Hotspur Youth : LHP Elroy Gardner
|
Pitching: LHP Elroy Gardner
|
|
Batting: RHB Gustavo Varela
|
0-0: Ball 1-0: Called Strike 1-1: Ball 2-1: Foul Ball, location: 2F 2-2: Ball 3-2: Ground out 1-3 (Groundball, 15)
|
Batting: LHB Wayne Akers
|
0-0: Ball 1-0: Called Strike 1-1: Reached on error, E6 (Groundball, 6M)
|
Batting: RHB Bryan Wilson
|
0-0: Ball 1-0: Foul Ball, location: 2F 1-1: Swinging Strike 1-2: Ball 2-2: Hit by Pitch
|
Batting: RHB Travis Brumback
|
0-0: Ball 1-0: Ball Wild Pitch! Wayne Akers to third Bryan Wilson to second 2-0: SINGLE (Groundball, 34) Wayne Akers scores Bryan Wilson to third Runner from 3rd tries for Home, SAFE, no throw or cutoff
|
Batting: RHB Mike Peterson
|
0-0: Ball 1-0: Foul Ball, location: 2F 1-1: Foul Ball, location: 2F 1-2: Ball 2-2: Fly out, F7 (Flyball, 7M)
|
Batting: SHB Dominique Prost
|
0-0: Ground out 1-3 (Groundball, 13)
|
Bottom of the 1st over - 2 run(s), 1 hit(s), 1 error(s), 1 left on base; Phoenix Hotspur 0 - Chesapeake 2 |
TOP OF THE 2ND |
Phoenix Hotspur Youth batting - Pitching for Chesapeake Continentals : RHP Juan Pérez
|
Batting: RHB Martín Martínez
|
0-0: Swinging Strike 0-1: Called Strike 0-2: Ball 1-2: Ball 2-2: Strikes out swinging
|
Batting: SHB Dave Orchard
|
0-0: Ball 1-0: SINGLE (Groundball, 56)
|
Batting: RHB Rick Moore
|
0-0: Called Strike 0-1: Ball 1-1: Foul Ball, location: 2F 1-2: Ball 2-2: Strikes out swinging
|
Batting: SHB Jesús González
|
0-0: Ball 1-0: Called Strike 1-1: Ball Dave Orchard is caught stealing 2nd base
|
Top of the 2nd over - 0 run(s), 1 hit(s), 0 error(s), 0 left on base; Phoenix Hotspur 0 - Chesapeake 2 |
BOTTOM OF THE 2ND |
Chesapeake Continentals batting - Pitching for Phoenix Hotspur Youth : LHP Elroy Gardner
|
Batting: RHB Anrrique Bolo
|
0-0: Ball 1-0: Foul Ball, location: 2F 1-1: Ball 2-1: Ball 3-1: Ball
|
Batting: LHB José Estrada
|
0-0: Ball 1-0: Called Strike Anrrique Bolo steals 2nd base 1-1: Ball 2-1: Foul Ball, location: 2F 2-2: Ground out 4-3 (Groundball, 13) Anrrique Bolo to third
|
Batting: RHB Harry Reynolds
|
0-0: Foul Ball, location: 2F 0-1: Called Strike 0-2: Ball 1-2: Strikes out swinging
|
Batting: RHB Gustavo Varela
|
0-0: Called Strike 0-1: Ball 1-1: Swinging Strike 1-2: Strikes out swinging
|
Bottom of the 2nd over - 0 run(s), 0 hit(s), 0 error(s), 1 left on base; Phoenix Hotspur 0 - Chesapeake 2 |
TOP OF THE 3RD |
Phoenix Hotspur Youth batting - Pitching for Chesapeake Continentals : RHP Juan Pérez
|
Batting: SHB Jesús González
|
0-0: Called Strike 0-1: Called Strike 0-2: Ball 1-2: Ball 2-2: Strikes out swinging
|
Batting: RHB Ben Anderson
|
0-0: Foul Ball, location: 2F 0-1: Called Strike 0-2: SINGLE (Groundball, 6MD)
|
Batting: RHB Júlio Mateo
|
0-0: Called Strike 0-1: Called Strike 0-2: Ball 1-2: Ball 2-2: Strikes out swinging
|
Batting: RHB Dan Perkins
|
0-0: Called Strike 0-1: Ball 1-1: SINGLE (Line Drive, 4MD) Ben Anderson to second
|
Batting: RHB Matías Torrella
|
0-0: Foul Ball, location: 2F 0-1: SINGLE (Line Drive, 56) Ben Anderson to third Dan Perkins to second Runner from 3rd tries for Home, SAFE, no throw or cutoff
|
Batting: SHB Roberto López
|
0-0: Foul Ball, location: 2F 0-1: Ball 1-1: Ball 2-1: Ball 3-1: Base on Balls Dan Perkins to third Matías Torrella to second
|
Batting: RHB Martín Martínez
|
0-0: Called Strike 0-1: Fly out, F7 (Popup, 56D)
|
Top of the 3rd over - 1 run(s), 3 hit(s), 0 error(s), 3 left on base; Phoenix Hotspur 1 - Chesapeake 2 |
BOTTOM OF THE 3RD |
Chesapeake Continentals batting - Pitching for Phoenix Hotspur Youth : LHP Elroy Gardner
|
Batting: LHB Wayne Akers
|
0-0: Foul Ball, location: 2F 0-1: Ball 1-1: Ball 2-1: Foul Ball, location: 2F 2-2: Strikes out swinging
|
Batting: RHB Bryan Wilson
|
0-0: Called Strike 0-1: Foul Ball, location: 2F 0-2: Ball 1-2: Ground out 6-3 (Groundball, 6M)
|
Batting: RHB Travis Brumback
|
0-0: Ball 1-0: Fly out, F4 (Line Drive, 4)
|
Bottom of the 3rd over - 0 run(s), 0 hit(s), 0 error(s), 0 left on base; Phoenix Hotspur 1 - Chesapeake 2 |
TOP OF THE 4TH |
Phoenix Hotspur Youth batting - Pitching for Chesapeake Continentals : RHP Juan Pérez
|
Batting: SHB Dave Orchard
|
0-0: Foul Ball, location: 2F 0-1: Ball 1-1: Ball 2-1: Fly out, F7 (Flyball, 7S)
|
Batting: RHB Rick Moore
|
0-0: Ground out U3 (Groundball, 3)
|
Batting: SHB Jesús González
|
0-0: Called Strike 0-1: Foul Ball, location: 2F 0-2: Fly out, F7 (Popup, 78S)
|
Top of the 4th over - 0 run(s), 0 hit(s), 0 error(s), 0 left on base; Phoenix Hotspur 1 - Chesapeake 2 |
BOTTOM OF THE 4TH |
Chesapeake Continentals batting - Pitching for Phoenix Hotspur Youth : LHP Elroy Gardner
|
Batting: RHB Mike Peterson
|
0-0: Called Strike 0-1: Foul Ball, location: 2F 0-2: Ball 1-2: Ball 2-2: Foul Ball, location: 2F 2-2: SINGLE (Groundball, 15) (infield hit)
|
Batting: SHB Dominique Prost
|
0-0: Called Strike 0-1: Ball 1-1: Ball 2-1: Ball 3-1: Base on Balls Mike Peterson to second
|
Batting: RHB Anrrique Bolo
|
0-0: Ball 1-0: Called Strike 1-1: Ball 2-1: Ball 3-1: SINGLE (Line Drive, 78M) Mike Peterson to third Dominique Prost to second
|
Batting: LHB José Estrada
|
0-0: Foul Ball, location: 2F 0-1: Ball 1-1: Foul Ball, location: 2F 1-2: Grounds into double play, 6-4-3 (Groundball, 6M) Mike Peterson scores Dominique Prost to third
|
Batting: RHB Harry Reynolds
|
0-0: Ball 1-0: Called Strike 1-1: SINGLE (Groundball, 6) Dominique Prost scores
|
Batting: RHB Gustavo Varela
|
0-0: Fielders Choice at 2nd, 5-4 (Groundball, 5D)
|
Bottom of the 4th over - 2 run(s), 3 hit(s), 0 error(s), 0 left on base; Phoenix Hotspur 1 - Chesapeake 4 |
TOP OF THE 5TH |
Phoenix Hotspur Youth batting - Pitching for Chesapeake Continentals : RHP Juan Pérez
|
Batting: RHB Ben Anderson
|
0-0: Ball 1-0: Ball 2-0: Ball 3-0: Called Strike 3-1: Foul Ball, location: 2F 3-2: Foul Ball, location: 2F 3-2: Ground out U3 (Groundball, 3)
|
Batting: RHB Júlio Mateo
|
0-0: Called Strike 0-1: Ball 1-1: Called Strike 1-2: DOUBLE (Flyball, 78D)
|
Batting: RHB Dan Perkins
|
0-0: Ball 1-0: Called Strike 1-1: Ball 2-1: Swinging Strike 2-2: Ball 3-2: Foul Ball, location: 2F 3-2: SINGLE (Groundball, 15S) (infield hit) Júlio Mateo to third
|
Batting: RHB Matías Torrella
|
0-0: Called Strike 0-1: Ball 1-1: Called Strike 1-2: Ball 2-2: Foul Ball, location: 2F 2-2: Ball 3-2: Foul Ball, location: 2F 3-2: Base on Balls Dan Perkins to second
|
Batting: SHB Roberto López
|
0-0: Ball 1-0: Ball 2-0: Ball 3-0: Base on Balls Júlio Mateo scores Dan Perkins to third Matías Torrella to second
|
Batting: RHB Martín Martínez
|
0-0: Called Strike 0-1: Ball 1-1: Foul Ball, location: 2F 1-2: Foul Ball, location: 2F 1-2: Fly out, F9 (Flyball, 9M) Runner from 3rd tags up, SCORES, no throw
|
Batting: SHB Dave Orchard
|
0-0: Called Strike 0-1: Ball 1-1: Foul Ball, location: 2F 1-2: Fly out, F9 (Flyball, 9S)
|
Top of the 5th over - 2 run(s), 2 hit(s), 0 error(s), 2 left on base; Phoenix Hotspur 3 - Chesapeake 4 |
BOTTOM OF THE 5TH |
Chesapeake Continentals batting - Pitching for Phoenix Hotspur Youth : LHP Elroy Gardner
|
Batting: LHB Wayne Akers
|
0-0: Foul Ball, location: 2F 0-1: Ball 1-1: Fly out, F6 (Popup, 6D)
|
Batting: RHB Bryan Wilson
|
0-0: Called Strike 0-1: Swinging Strike 0-2: Strikes out looking
|
Batting: RHB Travis Brumback
|
0-0: Swinging Strike 0-1: Called Strike 0-2: Ground out 4-3 (Groundball, 4M)
|
Bottom of the 5th over - 0 run(s), 0 hit(s), 0 error(s), 0 left on base; Phoenix Hotspur 3 - Chesapeake 4 |
TOP OF THE 6TH |
Phoenix Hotspur Youth batting - Pitching for Chesapeake Continentals : RHP Juan Pérez
|
Batting: RHB Rick Moore
|
0-0: Ball 1-0: Called Strike 1-1: Ground out 6-3 (Groundball, 6M)
|
Batting: SHB Jesús González
|
0-0: Ball 1-0: SINGLE (Groundball, 34D)
|
Batting: RHB Ben Anderson
|
0-0: Called Strike 0-1: Ball 1-1: Ball 2-1: Fly out, F7 (Line Drive, 7M)
|
Batting: RHB Júlio Mateo
|
0-0: Ball 1-0: Called Strike 1-1: Ball 2-1: Fielders Choice at 2nd, 6-4 (Groundball, 6)
|
Top of the 6th over - 0 run(s), 1 hit(s), 0 error(s), 0 left on base; Phoenix Hotspur 3 - Chesapeake 4 |
BOTTOM OF THE 6TH |
Chesapeake Continentals batting - Pitching for Phoenix Hotspur Youth : LHP Elroy Gardner
|
Batting: RHB Mike Peterson
|
0-0: Called Strike 0-1: Ball 1-1: Ball 2-1: Foul Ball, location: 2F 2-2: Ball 3-2: Hit by Pitch
|
Batting: SHB Dominique Prost
|
0-0: Ball 1-0: Foul Ball, location: 2F 1-1: Fly out, F7 (Flyball, 7M)
|
Batting: RHB Anrrique Bolo
|
0-0: Called Strike 0-1: Called Strike 0-2: Strikes out swinging
|
Pitching: LHP Bryan Jones
|
|
Batting: LHB José Estrada
|
0-0: Ground out 1-3 (Groundball, 15S)
|
Bottom of the 6th over - 0 run(s), 0 hit(s), 0 error(s), 1 left on base; Phoenix Hotspur 3 - Chesapeake 4 |
TOP OF THE 7TH |
Phoenix Hotspur Youth batting - Pitching for Chesapeake Continentals : RHP Juan Pérez
|
Batting: RHB Dan Perkins
|
0-0: Called Strike 0-1: Fly out, F5 (Popup, 5L)
|
Batting: RHB Matías Torrella
|
0-0: Ball 1-0: Foul Ball, location: 2F 1-1: Ball 2-1: Ball 3-1: Foul Ball, location: 2F 3-2: Foul Ball, location: 2F 3-2: Base on Balls
|
Batting: SHB Roberto López
|
0-0: Ball 1-0: SINGLE (Groundball, 34D) Matías Torrella to second Runner from 2nd tries for 3rd, SAFE, throw made to third Roberto López to second
|
Pinch Hitting: LHB José Villarreal
|
0-0: Called Strike 0-1: Called Strike 0-2: Foul Ball, location: 2F 0-2: Strikes out swinging
|
Pinch Hitting: LHB Jim Unknown
|
0-0: Called Strike 0-1: SINGLE (Line Drive, 7LS) Matías Torrella scores Roberto López to third Runner from 3rd tries for Home, SAFE, no throw or cutoff
|
Batting: RHB Rick Moore
|
0-0: Ball 1-0: Fielders Choice at 2nd, U6 (Groundball, 6M)
|
Top of the 7th over - 2 run(s), 2 hit(s), 0 error(s), 1 left on base; Phoenix Hotspur 5 - Chesapeake 4 |
BOTTOM OF THE 7TH |
Chesapeake Continentals batting - Pitching for Phoenix Hotspur Youth : LHP Bryan Jones
|
Now at 1B: Jim Unknown
|
|
Now in CF: José Villarreal
|
|
Batting: RHB Harry Reynolds
|
0-0: Fly out, F9 (Flyball, 9S)
|
Batting: RHB Gustavo Varela
|
0-0: Called Strike 0-1: Called Strike 0-2: Fly out, F4 (Line Drive, 4M)
|
Batting: LHB Wayne Akers
|
0-0: Called Strike 0-1: Foul Ball, location: 2F 0-2: Ground out 5-3 (Groundball, 5L)
|
Bottom of the 7th over - 0 run(s), 0 hit(s), 0 error(s), 0 left on base; Phoenix Hotspur 5 - Chesapeake 4 |
TOP OF THE 8TH |
Phoenix Hotspur Youth batting - Pitching for Chesapeake Continentals : RHP Juan Pérez
|
Batting: SHB Jesús González
|
0-0: Ball 1-0: Swinging Strike 1-1: Foul Ball, location: 2F 1-2: Foul Ball, location: 2F 1-2: Fly out, F5 (Popup, 25F)
|
Batting: RHB Ben Anderson
|
0-0: Foul Ball, location: 2F 0-1: Fly out, F4 (Popup, 4M)
|
Batting: RHB Júlio Mateo
|
0-0: Ball 1-0: Foul Ball, location: 2F 1-1: Ball 2-1: Swinging Strike 2-2: Strikes out swinging
|
Top of the 8th over - 0 run(s), 0 hit(s), 0 error(s), 0 left on base; Phoenix Hotspur 5 - Chesapeake 4 |
BOTTOM OF THE 8TH |
Chesapeake Continentals batting - Pitching for Phoenix Hotspur Youth : LHP Bryan Jones
|
Pitching: RHP Juan Lópes
|
|
Now at C: Michael Messer
|
|
Batting: RHB Bryan Wilson
|
0-0: Ball 1-0: Ball 2-0: Called Strike 2-1: Swinging Strike 2-2: Strikes out swinging
|
Batting: RHB Travis Brumback
|
0-0: Foul Ball, location: 2F 0-1: Called Strike 0-2: Strikes out swinging
|
Batting: RHB Mike Peterson
|
0-0: Ground out 6-3 (Groundball, 6)
|
Bottom of the 8th over - 0 run(s), 0 hit(s), 0 error(s), 0 left on base; Phoenix Hotspur 5 - Chesapeake 4 |
TOP OF THE 9TH |
Phoenix Hotspur Youth batting - Pitching for Chesapeake Continentals : RHP Juan Pérez
|
Batting: RHB Dan Perkins
|
0-0: Called Strike 0-1: Called Strike 0-2: Strikes out swinging
|
Batting: RHB Matías Torrella
|
0-0: Ball 1-0: Fly out, F5 (Line Drive, 5)
|
Batting: SHB Roberto López
|
0-0: Ball 1-0: Foul Ball, location: 2F 1-1: Fly out, F8 (Flyball, 8RS)
|
Top of the 9th over - 0 run(s), 0 hit(s), 0 error(s), 0 left on base; Phoenix Hotspur 5 - Chesapeake 4 |
BOTTOM OF THE 9TH |
Chesapeake Continentals batting - Pitching for Phoenix Hotspur Youth : RHP Juan Lópes
|
Pitching: LHP Ray Davis
|
|
Now at 1B: Torquato Villani
|
|
Batting: SHB Dominique Prost
|
0-0: Foul Ball, location: 2F 0-1: Ball 1-1: Called Strike 1-2: Ball 2-2: Foul Ball, location: 2F 2-2: Ground out U3 (Groundball, 3S)
|
Batting: RHB Anrrique Bolo
|
0-0: Foul Ball, location: 2F 0-1: Foul Ball, location: 2F 0-2: Strikes out swinging
|
Batting: LHB José Estrada
|
0-0: Ball 1-0: Called Strike 1-1: Swinging Strike 1-2: Strikes out swinging
|
Bottom of the 9th over - 0 run(s), 0 hit(s), 0 error(s), 0 left on base; Phoenix Hotspur 5 - Chesapeake 4 |
|